Arrhythmia, chaotic female vampiric Convict ------ |.....### |....| ----------------- |.<..-# |.|..|..|..|....| ------### |.|. |..|..|....+ # #|.-|---|--|-....--------+---- | ### #|.........._....................| # #|.--------+-@......----.--|-- | ----------#############-.| |.@....{| |......%..### #|.| |.......+ |......%.| #|.- -.......| |.........# #|.. ...{....| |........| |.-- -------.-- |......... |.| .| ---------- |.| .| |.| | |.- . --- Arrhythmia the Jail-bird Experience level: 9 Strength: 15 Dexterity: 13 Constitution: 16 Intelligence: 15 Wisdom: 9 Charisma: 8 Health: 0(76) Energy: 50(50) AC: 4 Gold: 93 Moves: 2279 Your Inventory: Coins $ - 93 gold pieces Weapons y - 11 [uncursed +0] darts [of detonation] Armor b - a cursed +0 striped shirt o - an [uncursed] +0 hard hat [dwarvish iron helm] (being worn) B - a [blessed] burnt +0 hooded cloak [dwarvish] (being worn) C - an [uncursed] +0 pair of hard shoes [iron] (being worn) D - an [uncursed] +0 large round shield [dwarvish roundshield] (being worn) M - a [cursed -1] mummy wrapping Scrolls k - an [uncursed] scroll labeled DAIYEN FOOELS [of teleportation] L - an [uncursed] scroll labeled LEP GEX VEN ZEA [of flood] N - a [cursed] scroll labeled PHOL ENDE WODAN [of light] Rings d - an [uncursed] ring of slow digestion (on right hand) s - a [cursed -1] moonstone ring [of protection] Wands i - an [uncursed] crusty wand [of striking (0:5)] G - an [uncursed] wand of magic missile [0:6] Tools x - an [uncursed] tin opener E - a [cursed] can of grease [0:11] F - 3 [uncursed tallow] candles J - an [uncursed oil] lamp (lit) Gems t - 3 [uncursed] black gems named prolly garbo [worthless glass] H - an [uncursed] black gem [worthless glass] Iron balls c - an [uncursed] heavy iron ball (chained to you) (weapon in hand) Spells known in the end: Name Level Category Fail Memory Your skills at the end: Fighting Skills Weapon Skills sling [Basic / Skilled] Spellcasting Skills Final Attributes: You were devoutly aligned. Hunger level was 369. Your alignment was 19 / 21. Monster difficulty range was 1 - 7. Level difficulty was 6. You were immune to poison. You were immune to level-drain. You were immune to sickness. You were punished. You could fly. You could survive without air. You had slower digestion. You regenerated. Your luck was zero. Tymora was angry with you (1). You are dead. Vanquished creatures: 15 black puddings a cobra 5 gnome lords a kobold mummy a black naga hatchling 2 giant ants 2 kittens 7 dwarves a dwarf zombie 3 hobbits a large kobold 3 giant rats 37 gnomes a gnome zombie a gecko 4 jackals a fox a kobold 2 sewer rats 6 grid bugs 3 lichens 3 kobold zombies 2 newts 103 creatures vanquished. Voluntary challenges: You were an atheist. You pretended to be a nudist. You went without food. You were illiterate. You never hit with a wielded weapon. You put on armor 8 times. You never genocided any monsters. You never polymorphed an object. You never changed form. You used no wishes. You abstained from Elbereth's help. You never encountered a bones level. You never used any Sokoban shortcuts. Dungeon overview: The Dungeons of Doom: levels 1 to 2 Level 1 (Succ+ Succ in potentia) an altar, some fountains, some sinks a long staircase Level 2 (Shop locked) a fountain stairs to The Gnomish Mines The Gnomish Mines: levels 3 to 6 Level 3 stairs to The Dungeons of Doom Level 6 <- You were here some fountains History has recorded: On T:1 you entered the Dungeons of Doom to retrieve the Amulet of Yendor! On T:189 you advanced to experience level 2. On T:193 you advanced to experience level 3. On T:263 you reached level 2 of The Dungeons of Doom. On T:480 you reached level 1 of The Gnomish Mines. On T:492 you advanced to experience level 4. On T:563 you advanced to experience level 5. On T:857 you advanced to experience level 6. On T:871 you advanced to experience level 7. On T:919 you advanced to experience level 8. On T:1378 you reached level 2 of The Gnomish Mines. On T:1641 you reached level 3 of The Gnomish Mines. On T:1920 you advanced to experience level 9. On T:2207 you reached level 4 of The Gnomish Mines. Latest messages: You see an angry guard approaching! You hear a door open. The watchman wields a dagger! Pick an object. Never mind. You hear crashing rock. The watchman zaps a porcelain wand! The bolt of fire hits you! Your clear potion boils and explodes! The bolt of fire bounces! [HP-20=56] You miss the watchman. (2x) The watchman zaps a wand of fire! The bolt of fire hits you! Your amber potion boils and explodes! Your cloak smoulders! The bolt of fire bounces! (2x) [HP-35=21] The magic missile hits the watchman! The magic missile bounces! The watchman zaps a wand of fire! The bolt of fire hits you! You die... (2x) Final status: Goodbye Arrhythmia the Convict... You died in The Gnomish Mines on dungeon level 6 with 3576 points, and 93 pieces of gold, after 2279 moves. You were level 9 with a maximum of 76 hit points when you died.